 Dungeon Crawl Stone Soup version 0.17-a0-1646-geb1493d (webtiles) character file.

36 LilCorpsy the Grasshopper (level 3, 0/32 HPs)
             Began as a Naga Warper on Aug 11, 2015.
             Slain by an adder (3 damage)
             ... on level 2 of the Dungeon.
             The game lasted 00:07:25 (1938 turns).

LilCorpsy the Grasshopper (Naga Warper)             Turns: 1938, Time: 00:07:25

Health: 0/32       AC:  2    Str: 13      XL:     3   Next: 37%
Magic:  0/6        EV: 15    Int: 20 (22) God:
Gold:   51         SH:  0    Dex: 16      Spells: 1 memorised, 5 levels left

rFire  . . .     SeeInvis +     a - +0 falchion
rCold  . . .     Clarity  .     b - +0 leather armour
rNeg   . . .     SustAt   .     (no shield)
rPois  +         Gourm    .     (no helmet)
rElec  .         Spirit   +     (no cloak)
rCorr  .         Warding  .     (no gloves)
rMut   .         Stasis   .     (no barding)
MR     .....                    t - amulet of guardian spirit
Stlth  ++........               (no ring)
                                g - +4 ring of intelligence

@: brilliant, agile, very slightly contaminated, very slow, not resistant to
hostile enchantments, unstealthy
A: see invisible, deformed body, poison resistance, slowness 2, slow metabolism
1, spit poison 2, AC +1
a: Spit Poison


You were on level 2 of the Dungeon.
You were not hungry.

You visited 1 branch of the dungeon, and saw 2 of its levels.

You collected 51 gold pieces.

Inventory:

Hand weapons
 a - a +0 falchion (weapon)
Missiles
 e - 5 tomahawks of dispersal (quivered)
Armour
 b - a +0 leather armour (worn)
Jewellery
 g - a +4 ring of intelligence (left hand)
 t - an amulet of guardian spirit (around neck)
Scrolls
 d - a scroll of blinking
 h - a scroll of noise {unknown}
 j - a scroll of teleportation {unknown}
 m - a scroll of recharging {unknown}
 p - a scroll of remove curse {unknown}
 q - a scroll of immolation {unknown}
 s - a scroll of identify {unknown}
Potions
 l - a potion of degeneration
 r - a potion of heal wounds {unknown}
Books
 c - a book of Spatial Translocations

   Spells                             Type                      Level
   a - Apportation                    Translocation                1
   b - Blink                          Translocation                2
   c - Shroud of Golubria             Charms/Translocation         2
   d - Portal Projectile              Translocation                3
   e - Teleport Other                 Translocation                3
   f - Passage of Golubria            Translocation                4
Comestibles
 f - 3 bread rations
 i - a beef jerky
 o - a royal jelly


   Skills:
 - Level 2.0 Fighting
 * Level 2.4 Long Blades
 - Level 0.8 Throwing
 - Level 0.8 Armour
 + Level 2.1 Dodging
 + Level 2.2 Spellcasting
 + Level 3.3 Translocations


You had 5 spell levels left.
You knew the following spells:

 Your Spells              Type           Power        Failure   Level  Hunger
a - Apportation           Tloc           ####......   1%          1    #......


Dungeon Overview and Level Annotations

Branches:
Dungeon (2/15)

Altars:


Innate Abilities, Weirdness & Mutations

You cannot wear boots.
Your serpentine skin is tough (AC +1).
You have supernaturally acute eyesight.
Armour fits poorly on your strangely shaped body.
Your system is resistant to poisons.
You cover ground very slowly.
You have a slow metabolism.
You can spit poison.


Message History

The adder is moderately wounded.
You have got your breath back.
The adder bites you.
* * * LOW HITPOINT WARNING * * *
You hit the adder.
The adder is moderately wounded.
The adder barely misses you. The adder bites you.
* * * LOW HITPOINT WARNING * * *
It was a potion of degeneration.
There was something very wrong with that liquid.
You feel dopey. The adder closely misses you.
It was a potion of agility.
You feel agile all of a sudden. The adder bites you.
* * * LOW HITPOINT WARNING * * *
It was a potion of brilliance.
You feel clever all of a sudden. The adder bites you.
You die...

# #.#..........##.# .#
#####.........#.# #.##.####
................###.......
##..#[.................####
##..#.....................#
...............####.#####.#
##..###.....#..# #.# #..#
##>..##..####†# #..#
######...@Sw.# #..#
#.####### # #.# #.. ###


You could see a worm and an adder.

Vanquished Creatures
  2 giant geckos (D:1)
  4 bats
  2 giant cockroaches (D:1)
  5 goblins (D:1)
  4 hobgoblins (D:1)
  6 kobolds (D:1)
  6 giant newts (D:1)
  4 rats
33 creatures vanquished.

Notes
Turn   | Place    | Note
--------------------------------------------------------------
     0 | D:1      | LilCorpsy the Naga Warper began the quest for the Orb.
     0 | D:1      | Reached XP level 1. HP: 19/19 MP: 3/3
   665 | D:1      | Reached XP level 2. HP: 26/26 MP: 5/5
  1520 | D:1      | Reached XP level 3. HP: 28/32 MP: 6/6
  1938 | D:2      | Slain by an adder

Vault maps used:
D:1:      scummos_arrival_forest
D:2:      amalloy_card_club

Action                   || total
-------------------------++-------
Melee: Falchion          ||   126
 Abil: Spit Poison       ||     3
  Use: Potion            ||     3
       Scroll            ||     1
  Eat: Meat ration       ||     1
